AoeStats
← sim_wilhelm

Arabia

505930301Analyzed
1v1 RM · 21d ago on Sep 11, 2026· 43m 21s· 2 players
Game mode
Random Map
Map size
Tiny (2 player)
Population
200
Speed
Normal
Resources
Standard
Victory
Conquest
Starting age
Dark Age
Ending age
Imperial Age
RankedLock teamsTeams togetherTeam positionsShared explorationLock speedFull tech treeHidden civsTurbo modeCheats
Victory
Defeat
🇦🇷 Mongols · Argentina
657
+16
🇩🇪 Italians · Germany
649
-16
sim_wilhelm
5:45 Loom
9:31 Feudal Age
10:29 Double-Bit Axe
13:15 Horse Collar
25:01 Castle Age
24:22 Stone Mining
26:25 Bow Saw
27:18 Pikeman
27:29 Elite Skirmisher
28:15 Thumb Ring
28:33 Gold Mining
30:22 Heavy Plow
32:22 Fletching
32:33 Padded Archer Armor
32:46 Forging
34:06 Wheelbarrow
37:35 Leather Archer Armor
37:15 Bodkin Arrow
37:58 Iron Casting
40:04 Imperial Age
agustin_20001
9:56 Feudal Age
11:40 Double-Bit Axe
12:40 Loom
21:30 Castle Age
19:25 Stone Mining
20:21 Gold Mining
21:02 Bloodlines
21:45 Forging
23:23 Husbandry
24:24 Bow Saw
29:44 Thumb Ring
29:32 Fletching
31:41 Horse Collar
31:27 Light Cavalry
34:36 Bodkin Arrow
35:06 Ballistics
36:50 Murder Holes
39:33 Imperial Age
37:43 Wheelbarrow
37:44 Gold Shaft Mining
37:45 Stone Shaft Mining
38:28 Iron Casting
42:50 Chemistry
41:52 Bracer
41:53 Padded Archer Armor
42:07 Elite Mangudai
43:57 Scale Barding Armor
Connection lost

Rejoining the realm…

Still unreachable

The connection could not be restored.

Session expired

The server has moved on; the page needs a fresh start.